 Dungeon Crawl Stone Soup version 0.30-b1-2-g02819fbbbe (webtiles) character file.

Game seed: 1261386443327712533

55729 sanka the Nimble (level 14, 0/133 HPs)
             Began as a Demigod Air Elementalist on May 20, 2023.
             Slain by an elephant (11 damage)
             ... on level 5 of the Lair of Beasts.
             The game lasted 00:49:27 (25669 turns).

sanka the Nimble (Demigod Air Elementalist)        Turns: 25669, Time: 00:49:28

Health: 0/133      AC: 12    Str:  8    XL:     14   Next: 6%
Magic:  1/24       EV: 30    Int: 37    God:
Gold:   353        SH:  0    Dex: 15    Spells: 11/21 levels left

rFire   . . .        a - +7 trident of Karma {drain, *Slow rN++ Int+5}
rCold   . . .        (no shield)
rNeg    + + +        P - +5 robe of Insatiable Hunger {Rampage}
rPois   +            B - +0 helmet
rElec   .            o - +2 ratskin cloak {*Rats rPois rN+ Str-1 Int-1 Dex+1}
rCorr   .            u - +0 pair of gloves
SInv    .            (no boots)
Will    +....        n - amulet of the acrobat
Stlth   ++           S - +5 ring of evasion
HPRegen 0.42/turn    A - +5 ring of evasion
MPRegen 0.19/turn

%: slow self (1%), acrobat, rampage
@: no status effects
A: high MP 1, forlorn, divine attributes
a: no special abilities


You were on level 5 of the Lair of Beasts.
You visited 2 branches of the dungeon, and saw 16 of its levels.
You also visited: Ossuary.

You collected 1289 gold pieces.
You spent 936 gold pieces at shops.

Inventory:

Hand Weapons
 a - the +7 trident of Karma (weapon) {drain, *Slow rN++ Int+5}
   (You found it on level 7 of the Dungeon)

   Int:       It affects your intelligence (+5).
   rN:        It greatly protects you from negative energy.
   *Slow:     It may slow you when you take damage.
 b - the +1 spear "Qod Rure" {heavy, rN+ SInv}
   (You found it on level 5 of the Dungeon)

   rN:        It protects you from negative energy.
   SInv:      It lets you see invisible.
Missiles
 C - 9 curare-tipped darts {=f}
Armour
 h - +0 acid dragon scales
 o - the +2 ratskin cloak (worn) {*Rats rPois rN+ Str-1 Int-1 Dex+1}
   (You found it on level 2 of the Dungeon)

   *Rats:     When the wearer is hurt, rats may emerge from it to assist them.
   Str:       It affects your strength (-1).
   Int:       It affects your intelligence (-1).
   Dex:       It affects your dexterity (+1).
   rPois:     It protects you from poison.
   rN:        It protects you from negative energy.
 u - a +0 pair of gloves (worn)
 B - a +0 helmet (worn)
 D - a +0 troll leather armour
 P - the +5 robe of Insatiable Hunger (worn) {Rampage}
   (You found it on level 11 of the Dungeon)

   Rampage:   It bestows one free step when moving towards enemies.
Jewellery
 n - an amulet of the acrobat (around neck)
 A - a +5 ring of evasion (right hand)
 S - a +5 ring of evasion (left hand)
 U - a +4 ring of protection
 V - a ring of flight
 W - a ring of willpower
Wands
 z - a wand of iceblast (8)
 L - a wand of digging (28)
 N - a wand of mindburst (18)
Scrolls
 j - 3 scrolls of butterflies
 l - a scroll of blinking
 p - 12 scrolls of teleportation {@r4}
 q - 2 scrolls of enchant weapon
 s - 5 scrolls of fog
 w - 3 scrolls of vulnerability {!r}
 y - 5 scrolls of silence {!r}
 E - 3 scrolls of enchant armour
 F - a scroll of poison
 G - 2 scrolls of immolation {!r}
 J - 2 scrolls of magic mapping
 K - a scroll of fear
 O - a scroll of brand weapon
 Q - 2 scrolls of noise {!r}
 R - 5 scrolls of amnesia
 T - 4 scrolls of torment {!r}
Potions
 c - 2 potions of heal wounds {unknown}
 d - 3 potions of flight
 e - 5 potions of lignification {!q}
 f - 3 potions of attraction {unknown}
 g - 3 potions of brilliance
 i - 5 potions of degeneration {!q}
 k - 4 potions of haste {@q3}
 m - 6 potions of curing {@q1}
 r - 2 potions of might {unknown}
 t - 2 potions of magic
 v - 2 potions of mutation {unknown}
 x - 4 potions of invisibility {unknown}
 H - 4 potions of berserk rage {!q}
 I - 2 potions of resistance {unknown}
 M - 2 potions of ambrosia {unknown}


   Skills:
 + Level 14.5 Fighting
 + Level 14.7 Dodging
 - Level 1.7 Stealth
 - Level 4.0 Spellcasting
 - Level 5.0 Conjurations
 - Level 10.0 Air Magic


You had 11 spell levels left.
You knew the following spells:

 Your Spells              Type           Power      Damage    Failure   Level
a - Shock                 Conj/Air       100%       1d9       1%          1
b - Static Discharge      Conj/Air       100%       2-7/arc   1%          2
c - Swiftness             Air            69%        N/A       1%          3
d - Airstrike             Air            34%        2d(5-21)  1%          4

Your spell library contained the following spells:

 Spells                   Type           Power      Damage    Failure   Level
 Apportation              Tloc           14%        N/A       4%          1
 Necrotise                Necr           28%        1d5       4%          1
 Sandblast                Erth           14%        2d6       4%          1
 Summon Small Mammal      Summ           28%        N/A       4%          1
 Stone Arrow              Conj/Erth      50%        3d10      4%          3
 Passwall                 Tmut/Erth      5%         N/A       6%          2
 Tukima's Dance           Hex            7%         N/A       12%         3
 Passage of Golubria      Tloc           7%         N/A       36%         4
 Yara's Violent Unravell  Hex/Tmut       3%         3d4       73%         5


Dungeon Overview and Level Annotations

Branches:
Dungeon (11/15)            Temple (0/1) D:4            Lair (5/5) D:8
  Swamp (0/4) Lair:3       Spider (0/4) Lair:2          Orc (0/2) D:10
Ossuary (visited)
  Slime: Lair:4-5

Shops:
D:3 =   D:9 *   D:10 (

Annotations:
D:4 1 runed translucent door, Crazy Yiuf
D:6 1 transporter, dxctxrx's ghost, novice DEFE


Innate Abilities, Weirdness & Mutations

You have an increased reservoir of magic. (+10% MP)
You shall have no god before yourself.
Your divine heritage dramatically boosts your attributes as you level up.


Message History

The elephant is struck by an arc of lightning!
The elephant is moderately wounded.
You are struck by an arc of lightning.
* * * LOW HITPOINT WARNING * * *
The lightning grounds out.
The elephant is struck by an arc of lightning.
The elephant is severely wounded.
The black mamba is struck by an arc of lightning.
The black mamba is lightly wounded.
The lightning grounds out.
The black mamba misses you.
A bullfrog comes into view.
The black mamba misses you. The elephant closely misses you.
The elephant barely misses you. x2; The elephant completely misses you. x3
The elephant tramples you but does no damage.
The elephant trunk-slaps you.
* * * LOW HITPOINT WARNING * * *
Unknown command.
Unknown command.
Unknown command.
The bullfrog croaks.
You hit the elephant.
The elephant is severely wounded.
The black mamba completely misses you. x2; The elephant misses you.
The elephant completely misses you. x2; The elephant barely misses you.
The elephant tramples you!
* * * LOW HITPOINT WARNING * * *
A river rat scurries out from under your cloak.
You hold your ground!
The elephant completely misses you. The elephant barely misses you.
The elephant completely misses you.
Unknown command.
You puncture the elephant!
The elephant is almost dead.
The black mamba barely misses you.
The bullfrog snags a nearby fly with its tongue.
The black mamba bites you!
* * * LOW HITPOINT WARNING * * *
A hell rat scurries out from under your cloak.
The elephant closely misses you. The elephant completely misses you. x2
The elephant misses you. The elephant tramples you!
You die...

.#.###........§..#...P.
#....###..............#
.......................
.......................
.......................
...#.........†.÷.......
.###..#..#....<........
.##....~......#Y###....
.#........~~...Y@#####.
.......P~~~~~~†YSY.~.#
.~.
..~~~≈P≈~~~rrF~P.~~.
~~≈~~≈#≈~~≈~≈P~~~..
≈~~~###~≈≈~~~~~~≈~~


≈PP ##~~~~~~~~~~~ ≈~ ###≈~~~~≈≈~~ ~~≈~~~~≈~~ ~≈~~~~≈≈~ You could see 4
elephants, a black mamba, a bullfrog, a friendly hell rat and a friendly river
rat.

Vanquished Creatures
  The ghost of Xeriets the Slicer, a journeyman TeEn of Wu Jian (Lair:4)
  4 hydras
  A catoblepas (Lair:4)
  A boulder beetle (Lair:3)
  2 two-headed ogres (D:10)
  6 death yaks (Lair:4)
  2 skysharks (Lair:4)
  2 manticores (D:11)
  10 elephants
  3 black mambas
  17 cane toads
  An unseen horror (D:11)
  2 rime drakes
  6 komodo dragons
  5 trolls
  A polar bear (Lair:1)
  A tyrant leech (Lair:5)
  14 dream sheep (Lair:3)
  37 blink frogs
  A jumping spider (Lair:2)
  A culicivora (Lair:2)
  A shadow (D:11)
  6 wyverns
  3 wraiths
  2 vampires (D:11)
  56 yaks
  2 basilisks
  A steam dragon (D:10)
  12 vampire mosquitoes
  2 redbacks (Lair:2)
  An acid dragon (D:9)
  15 water moccasins
  10 orc warriors
  3 sky beasts (D:7)
  2 ice beasts
  3 ogres
  10 black bears
  4 centaurs
  15 wolves
  2 phantoms (D:5)
  21 bullfrogs
  3 scorpions (D:5)
  3 wights (Ossuary)
  A water moccasin skeleton (D:3)
  11 killer bees
  3 howler monkeys
  5 hounds
  A jelly (D:7)
  9 orc priests
  4 iguanas
  A sleepcap (D:4)
  6 orc wizards
  4 hell rats (Lair:3)
  A scorpion zombie (D:3)
  Natasha (thrice) (D:2)
  A hound skeleton (D:4)
  10 adders
  A shadow imp (D:5)
  A white imp (D:4)
  3 adder zombies
  A worm (D:2)
  4 dart slugs
  44 orcs
  11 endoplasms
  5 giant cockroaches
  3 goblins
  6 hobgoblins
  7 kobolds (D:1)
  5 quokkas
  8 ball pythons
  2 ball python skeletons (Ossuary)
  4 bats
  3 frilled lizards
  A goblin zombie (D:7)
  3 hobgoblin skeletons (Ossuary)
  A kobold zombie (Ossuary)
  An orc skeleton (Ossuary)
  A quokka skeleton (D:3)
  6 rats
  A rat zombie (D:7)
477 creatures vanquished.

Vanquished Creatures (collateral kills)
  A death yak (Lair:3)
  2 yaks
  A wolf (Lair:3)
  A necrophage (D:4)
  A hound skeleton (D:3)
6 creatures vanquished.

Vanquished Creatures (others)
  82 fungi
  135 plants
217 creatures vanquished.

Grand Total: 700 creatures vanquished

Notes
Turn   | Place    | Note
-------+----------+-------------------------------------------
     0 | D:1      | sanka the Demigod Air Elementalist began the quest for the
                  | Orb.
     0 | D:1      | Reached XP level 1. HP: 14/14 MP: 5/5
    14 | D:1      | Reached skill level 1 in Conjurations
   283 | D:1      | Reached XP level 2. HP: 20/20 MP: 0/7
  1497 | D:1      | Reached XP level 3. HP: 26/26 MP: 1/8
  1843 | D:2      | Noticed Natasha
  1852 | D:2      | Killed Natasha
  1974 | D:2      | Noticed Natasha
  1989 | D:2      | Killed Natasha
  1990 | D:2      | Reached XP level 4. HP: 23/33 MP: 3/9
  2026 | D:2      | Noticed Natasha
  2038 | D:2      | Learned a level 2 spell: Static Discharge
  2042 | D:2      | Learned a level 3 spell: Swiftness
  2079 | D:2      | Killed Natasha
  2331 | D:2      | Found the +2 ratskin cloak {*Rats rPois rN+ Str-1 Int-1
                  | Dex+1}
  2866 | D:3      | Reached XP level 5. HP: 29/38 MP: 4/11
  3372 | D:3      | Found Qaamp's Jewellery Boutique.
  3537 | D:3      | Reached XP level 6. HP: 28/45 MP: 5/13
  4605 | D:4      | Found a staircase to the Ecumenical Temple.
  4669 | D:4      | Reached skill level 5 in Air Magic
  4768 | D:4      | Reached skill level 5 in Conjurations
  4768 | D:4      | Reached XP level 7. HP: 43/50 MP: 4/14
  4838 | D:4      | Learned a level 4 spell: Airstrike
  5181 | D:4      | Found a runed translucent door.
  5182 | D:4      | Noticed Crazy Yiuf
  5305 | D:5      | Entered Level 5 of the Dungeon
  5545 | D:5      | Identified the +1 spear "Qod Rure" {heavy, rN+ SInv}
  5768 | D:5      | Reached XP level 8. HP: 55/57 MP: 8/15
  6318 | D:6      | Noticed dxctxrx's ghost (novice DEFE)
  6321 | D:6      | Found a transporter.
  7085 | D:6      | Noticed an angel
  7349 | D:7      | Found a sand-covered staircase.
  7364 | Ossuary  | Entered an ossuary
  7674 | Ossuary  | Reached XP level 9. HP: 61/62 MP: 13/18
  8013 | D:7      | Reached skill level 10 in Air Magic
  8130 | D:7      | Reached skill level 1 in Fighting
  8240 | D:7      | Identified the +7 trident of Karma {drain, *Slow rN++
                  | Int+5}
  9005 | D:8      | Noticed a komodo dragon
  9020 | D:8      | Killed a komodo dragon
  9134 | D:8      | Reached skill level 5 in Dodging
  9412 | D:8      | Found a staircase to the Lair.
  9671 | D:8      | Reached skill level 5 in Fighting
  9674 | D:8      | Reached XP level 10. HP: 79/81 MP: 7/19
 10484 | D:9      | Found Wuant's Gadget Gallery.
 10818 | D:3      | Bought a +5 ring of evasion for 468 gold pieces
 10922 | D:10     | Entered Level 10 of the Dungeon
 11143 | D:10     | Noticed a two-headed ogre
 11146 | D:10     | Killed a two-headed ogre
 11239 | D:10     | Found Gophac's Antique Weapon Boutique.
 11988 | D:10     | Noticed a two-headed ogre
 12001 | D:10     | Killed a two-headed ogre
 12002 | D:10     | Reached XP level 11. HP: 94/94 MP: 5/20
 12141 | D:10     | Found a staircase to the Orcish Mines.
 13973 | D:11     | Identified the +5 robe of Insatiable Hunger {Rampage}
 14296 | Lair:1   | Entered Level 1 of the Lair of Beasts
 14627 | Lair:1   | Reached skill level 10 in Dodging
 14821 | D:3      | Bought a +5 ring of evasion for 468 gold pieces
 14959 | Lair:1   | Noticed an eight-headed hydra
 14972 | Lair:1   | Killed an eight-headed hydra
 15100 | Lair:1   | Reached skill level 10 in Fighting
 15405 | Lair:1   | Reached XP level 12. HP: 107/107 MP: 0/21
 15868 | Lair:1   | Noticed an eight-headed hydra
 15873 | Lair:1   | Killed an eight-headed hydra
 18123 | Lair:2   | Found a hole to the Spider Nest.
 18867 | Lair:3   | Reached XP level 13. HP: 105/119 MP: 7/22
 19516 | Lair:3   | Found a staircase to the Swamp.
 20763 | Lair:4   | Found a runed translucent door.
 22456 | Lair:4   | Noticed Xeriets's ghost (journeyman TeEn)
 22479 | Lair:4   | Killed Xeriets's ghost
 22672 | Lair:5   | Entered Level 5 of the Lair of Beasts
 25347 | Lair:4   | Reached XP level 14. HP: 76/133 MP: 8/24
 25669 | Lair:5   | Slain by an elephant

Illustrated notes

Levels and vault maps discovered:
D:1:      lemuel_arrival_behind_the_door_large, layout_loops_ring,
          dreamdust_ecumenical_altar_hidden_monk_grotto,
          minmay_misc_feat_encased, minmay_bisected
D:2:      layout_rooms, uniq_natasha
D:3:      layout_rooms, serial_shops, nicolae_shop_hallway_stairs,
          serial_undead, serial_undead_c, serial_undead_f, serial_undead_a,
          serial_undead_b, serial_undead_b
D:4:      layout_basic, makhleb_blood_cavern_becter, nemelex_altar_shiori,
          minmay_temple_entry_crystal_x, uniq_crazy_yiuf_cottage
D:5:      layout_basic, amcnicky_altar_gilded, ashenzari_altar_1,
          supply_closet_lemuel
D:6:      layout_loops_cross, zin_angel, gammafunk_ghost_smash
D:7:      layout_loops_ring, okawaru_gym_becter, general_overflow_altar,
          enter_ossuary_4, grunt_decor_arrowhead, reono_crystal_passage,
          kennysheep_generic_room_10
D:8:      layout_loops_ring, due_lair_maze_entry_diamond
D:9:      layout_cave_pools, kennysheep_ying_yang, nicolae_shop_gadgets
D:10:     layout_cave_pools, david_orc_5, serial_shops, shop,
          minmay_misc_feat_tiny
D:11:     layout_grid_maze
Lair:1:   layout_roguey, beast_lair_carwin_4, grunt_megastairs_4,
          infiniplex_staircase_pool_2, lemuel_fruit_tree, serial_bayou_shore_b
Lair:2:   layout_regular_city, spider_nest_entry_funnel_web, grunt_megastairs_5
Lair:3:   layout_regular_city, swamp_mist, serial_bayou_shore_b
Lair:4:   layout_cave_pods, ebering_ghost_reflecting_pool
Lair:5:   minmay_lair_end_frog_pond, layout_gridlike, slime_entry_1,
          serial_bayou_shore_a

Skill      XL: |  1  2  3  4  5  6  7  8  9 10 11 12 13 |
---------------+----------------------------------------+-----
Conjurations   | 1 2 3 4 5 |  5.0
Spellcasting   | 2 3 4 |  4.0
Air Magic      | 3 4 5 7 9 10 | 10.0
Dodging        | 5 8 10 12 14 | 14.7
Fighting       | 5 8 10 12 14 | 14.5
Stealth        | |  1.7

Action                     |  1- 3 |  4- 6 |  7- 9 | 10-12 | 13-15 || total
---------------------------+-------+-------+-------+-------+-------++-------
  Melee: Unarmed           |    13 |     1 |       |       |       ||    14
         Flail             |       |     3 |    25 |       |       ||    28
         Spear             |       |       |     7 |    15 |     4 ||    26
         Trident           |       |       |    35 |   276 |   178 ||   489
         Punch             |       |       |     1 |     5 |     5 ||    11
   Cast: Shock             |    82 |   147 |   186 |    90 |    26 ||   531
         Static Discharge  |       |     4 |     7 |    60 |    61 ||   132
         Airstrike         |       |       |    23 |   157 |   155 ||   335
  Evoke: Wand              |       |       |       |     3 |     9 ||    12
    Use: Scroll            |       |       |    13 |     8 |     1 ||    22
   Stab: Sleeping          |       |       |     5 |       |       ||     5
 Armour: Robe              |    11 |    19 |    44 |    64 |    78 ||   216
         Steam dragon scal |       |       |       |    23 |       ||    23
         Acid dragon scale |       |       |       |     2 |       ||     2
  Dodge: Dodged            |    30 |    40 |   102 |   630 |   646 ||  1448
